 Dungeon Crawl Stone Soup version 0.23-a0-650-ga4d50d4 (webtiles) character file.

65 Blackhawk the Poker (level 4, -5/37 HPs)
             Began as a Merfolk Monk on Jan 6, 2019.
             Slain by a gnoll
             ... wielding a +1 halberd of protection
              (12 damage)
             ... on level 2 of the Dungeon.
             The game lasted 00:03:03 (1570 turns).

Blackhawk the Poker (Merfolk Monk)                  Turns: 1570, Time: 00:03:04

Health: -5/37      AC:  2    Str: 12    XL:     4   Next: 13%
Magic:  4/4        EV: 15    Int:  9    God:
Gold:   81         SH:  0    Dex: 16    Spells: 3/3 levels left

rFire    . . .     SeeInvis .   a - +0 spear
rCold    . . .     Gourm    .   (no shield)
rNeg     . . .     Faith    .   b - +0 robe
rPois    .         Spirit   .   (no helmet)
rElec    .         Reflect  .   (no cloak)
rCorr    .         Harm     .   (no gloves)
MR       .....                  (no boots)
Stlth    ++........             (no amulet)
HPRegen  0.12/turn              (no ring)
MPRegen  0.09/turn              (no ring)

@: no status effects
A: change form in water, swift swim, stealthy swim
a: no special abilities


You were on level 2 of the Dungeon.
You were very hungry.

You visited 1 branch of the dungeon, and saw 2 of its levels.

You collected 81 gold pieces.

Inventory:

Hand Weapons
 a - a +0 spear (weapon)
Armour
 b - a +0 robe (worn)
Scrolls
 e - a scroll of remove curse {unknown}
 i - a scroll of identify {unknown}
 j - a scroll of fear {unknown}
Potions
 d - a potion of mutation {unknown}
 f - a potion of curing {unknown}
 g - a potion of heal wounds {unknown}
 h - a potion of agility
Comestibles
 c - 4 rations


   Skills:
 + Level 3.8 Fighting
 + Level 5.2 Polearms
 + Level 0.9 Armour
 + Level 4.7 Dodging
 - Level 2.5 Stealth


You had 3 spell levels left.
You didn't know any spells.
Your spell library was empty.

Dungeon Overview and Level Annotations

Branches:
Dungeon (2/15)

Altars:


Message History

You hit the gnoll.
The gnoll is lightly wounded.
You closely miss the gnoll.
The gnoll is lightly wounded.
The gnoll hits you with a +1 halberd of protection.
* * * LOW HITPOINT WARNING * * *
You hit the gnoll.
The gnoll is moderately wounded.
The gnoll completely misses you.
You hit the gnoll but do no damage.
The gnoll is moderately wounded.
You hit the gnoll but do no damage.
The gnoll is moderately wounded.
The gnoll hits you with a +1 halberd of protection.
* * * LOW HITPOINT WARNING * * *
You hit the gnoll.
The gnoll is heavily wounded.
The gnoll misses you.
The gnoll hits you with a +1 halberd of protection!
You die...

# ##...#.# #.##......####
.K.............# #.....#
#.##.. #...# #.##.# ##.##
#.##.# #.# #.##.#
####.#####.##.#
###......g@g..#.#
#..[##.#####..#.#
#.......####....## #####
#.(.##......#....####...#
##<.###............†....#
#..# #####.#....####...#
#..# #.#.#.## ##.## #..#
#.#.#........g..g #..#
#.#.#.######.####


You could see 2 gnolls.

Vanquished Creatures
  A gnoll (D:1)
  An adder (D:2)
  2 dart slugs
  2 leopard geckos
  2 bat zombies (D:1)
  A giant cockroach (D:2)
  5 goblins
  9 hobgoblins
  A jackal (D:2)
  3 kobolds
  4 bats
  3 frilled lizards (D:1)
  6 rats
40 creatures vanquished.

Notes
Turn   | Place    | Note
-------+----------+-------------------------------------------
     0 | D:1      | Blackhawk the Merfolk Monk began the quest for the Orb.
     0 | D:1      | Reached XP level 1. HP: 18/18 MP: 1/1
    66 | D:1      | Reached XP level 2. HP: 15/24 MP: 2/2
   687 | D:1      | Reached XP level 3. HP: 29/29 MP: 3/3
  1095 | D:2      | Reached skill level 5 in Polearms
  1434 | D:1      | Reached XP level 4. HP: 22/37 MP: 4/4
  1570 | D:2      | Slain by a gnoll

Vault maps used:
D:1:      saegor_arrival_fortress, minmay_quantized
D:2:      eat_drink_and_be_merry_uskayaw, marbit_many_paths, first_ration,
          uniq_jessica

Skill      XL: |  1  2  3 |
---------------+----------+-----
Polearms       | 5 |  5.2
Fighting       | |  3.8
Armour         | |  0.9
Dodging        | |  4.7
Stealth        | |  2.5

Action                   |  1- 3 |  4- 6 || total
-------------------------+-------+-------++-------
Melee: Spear             |   121 |    13 ||   134
 Stab: Sleeping          |     3 |       ||     3
  Eat: Chunk             |     1 |       ||     1
Armor: Robe              |    11 |       ||    11
Dodge: Dodged            |    61 |     7 ||    68

Table legend:
 A = Non-vault XP
 B = Vault XP
 C = Vault XP percentage of total XP
 D = Non-vault monster count
 E = Vault monster count
 F = Vault count percentage of total count
                 A         B        C        D         E       F
            +---------+---------+-------+---------+---------+-------
      Total |      85 |       8 |   8.6 |      35 |       5 |  12.5
            +---------+---------+-------+---------+---------+-------
        D:1 |      54 |       8 |  12.9 |      25 |       5 |  16.7
        D:2 |      31 |       0 |   0.0 |      10 |       0 |   0.0
            +---------+---------+-------+---------+---------+-------
